 Dungeon Crawl Stone Soup version 0.29.0 (webtiles) character file.

Game seed: 13579539014995966461

285 slphil the Slasher (level 6, -11/49 HPs)
             Began as a Human Monk on Aug 25, 2022.
             Was an Elder of Kikubaaqudgha.
             Killed by divine providence
             ... invoked by an orc priest
              (14 damage)
             ... on level 5 of the Dungeon.
             The game lasted 00:06:42 (4293 turns).

slphil the Slasher (Human Monk)                     Turns: 4293, Time: 00:06:42

Health: -11/49     AC:  9    Str: 11    XL:     6   Next: 55%
Magic:  6/6        EV: 11    Int: 10    God:    Kikubaaqudgha [****..]
Gold:   218        SH:  5    Dex: 18    Spells: 5/5 levels left

rFire   . . .      SeeInvis .   e - +2 long sword (vorpal)
rCold   . . .      Faith    .   (no shield)
rNeg    . . .      Spirit   .   f - +2 ring mail {rPois}
rPois   +          Reflect  +   (no helmet)
rElec   .          Harm     .   z - +0 cloak
rCorr   .          Rampage  .   (no gloves)
Will    +....                   A - +0 pair of boots
Stlth   ++........              g - amulet of reflection
HPRegen 0.16/turn               d - ring of willpower
MPRegen 0.10/turn               (no ring)

@: mighty
A: no striking features
a: Renounce Religion, Unearth Wretches


You were on level 5 of the Dungeon.
You worshipped Kikubaaqudgha.
Kikubaaqudgha was greatly pleased with you.
You visited 1 branch of the dungeon, and saw 5 of its levels.

You collected 262 gold pieces.
You spent 44 gold pieces at shops.

Inventory:

Hand Weapons
 a - a +0 falchion
 e - a +2 vorpal long sword (weapon)
Armour
 b - a +0 robe
 f - a +2 ring mail of poison resistance (worn)
 w - the +1 ring mail "Dumusaot" {*Corrode Regen+ Dex+2}
   (You found it on level 4 of the Dungeon)

   Dex:       It affects your dexterity (+2).
   Regen:     It increases your rate of health regeneration.
   *Corrode:  It may corrode you when you take damage.
 z - a +0 cloak (worn)
 A - a +0 pair of boots (worn)
Jewellery
 d - a ring of willpower (left hand)
 g - an amulet of reflection (around neck)
Scrolls
 o - 2 scrolls of fog {unknown}
 p - a scroll of poison
 r - a scroll of noise
 u - a scroll of silence {unknown}
 v - a scroll of brand weapon {unknown}
 x - a scroll of amnesia {unknown}
 y - a scroll of vulnerability {unknown}
Potions
 c - 2 potions of ambrosia
 h - a potion of lignification
 i - 3 potions of attraction
 j - 2 potions of might
 k - a potion of curing {unknown}
 l - a potion of haste {unknown}
 m - a potion of brilliance {unknown}
 n - 2 potions of degeneration {unknown}
 q - 2 potions of magic {unknown}
 s - a potion of resistance {unknown}
 t - a potion of heal wounds {unknown}


   Skills:
 + Level 4.6 Fighting
 * Level 5.8 Long Blades
 - Level 3.0 Dodging
 - Level 2.0 Stealth


You had 5 spell levels left.
You didn't know any spells.
Your spell library contained the following spells:

 Spells                   Type           Power      Damage    Failure   Level
 Necrotise                Necr           0%         1d4       67%         1
 Sublimation of Blood     Necr           0%         N/A       80%         2
 Vampiric Draining        Necr           0%         2d6       95%         3
 Animate Dead             Necr           0%         N/A       100%        4
 Corpse Rot               Necr/Pois/Air  0%         N/A       100%        4
 Dispel Undead            Necr           0%         3d6       100%        4
 Agony                    Necr           0%         N/A       100%        5
 Borgnjor's Vile Clutch   Necr/Erth      0%         N/A       100%        5
 Simulacrum               Ice/Necr       0%         N/A       100%        6


Dungeon Overview and Level Annotations

Branches:
Dungeon (5/15)
 Temple: D:4-7

Altars:
Kikubaaqudgha

Shops:
D:2 *   D:3 (

Annotations:
D:3 2 runed translucent doors


Message History

The orc priest hits you but does no damage.
You barely miss the orc priest.
The orc priest hits you with a +0 hand axe.
You closely miss the orc priest.
The orc priest hits you but does no damage.
You closely miss the orc priest.
The orc priest hits you but does no damage.
You hit the orc priest.
The orc priest is moderately wounded.
The orc priest mumbles some strange prayers to Beogh against you.
Beogh smites you!
You barely miss the orc priest.
The orc priest is moderately wounded.
The orc priest hits you with a +0 hand axe.
You hit the orc priest but do no damage.
The orc priest is moderately wounded.
The orc priest closely misses you.
You completely miss the orc priest.
The orc priest is moderately wounded.
The orc priest mumbles some strange prayers to Beogh against you.
Beogh smites you!
* * * LOW HITPOINT WARNING * * *
Press: ? - help, v - describe, . - travel
Here: an orc priest, wielding a +0 hand axe and wearing a +0 leather armour (moderately wounded)
The floor, spattered with blood.
You barely miss the orc priest.
The orc priest is moderately wounded.
The orc priest invokes the aid of Beogh against you.
Pain shoots through your body!
* * * LOW HITPOINT WARNING * * *
You block the orc priest's attack.
Unknown command.
You feel very mighty all of a sudden.
The orc priest looks braver for a moment.
You hit the orc priest.
The orc priest is severely wounded.
The orc priest mumbles some strange prayers to Beogh against you.
Beogh smites you!
You die...
Kikubaaqudgha rasps: "You have failed me!
Welcome... death!"

...##.)..##....# #....# ..
...##....##....####....##o..
...#..............'.........
...#..............#......n..
...+..............#....o....
...#..........(...#o.oo#
...###'####.....###)####
..###...##########....##..
................@o).........
................#...........
................#...........
................#...........
................###+#####...
#+#####..###.|..# ### #..#
#....# ..... #....# .....
#....#


You could see an orc priest.

Vanquished Creatures
  A necrophage (D:5)
  A hound (D:4)
  Terence (D:3)
  An iguana (D:4)
  4 adders
  2 worms (D:2)
  6 dart slugs
  12 orcs
  9 ball pythons
  3 bats
  4 endoplasms
  2 giant cockroaches (D:1)
  5 goblins
  10 hobgoblins
  2 jackals (D:2)
  6 kobolds
  3 quokkas
  3 frilled lizards
  6 rats
81 creatures vanquished.

Notes
Turn   | Place    | Note
-------+----------+-------------------------------------------
     0 | D:1      | slphil the Human Monk began the quest for the Orb.
     0 | D:1      | Reached XP level 1. HP: 18/18 MP: 1/1
    92 | D:1      | Found a faded altar of an unknown god.
   121 | D:1      | Reached XP level 2. HP: 24/24 MP: 2/2
   273 | D:1      | Reached XP level 3. HP: 16/29 MP: 3/3
   852 | D:2      | Reached skill level 4 in Long Blades
   894 | D:1      | Prayed at the altar of an unknown god.
   894 | D:1      | Became a worshipper of Kikubaaqudgha
   894 | D:1      | Reached * piety under Kikubaaqudgha
   894 | D:1      | Received a gift from Kikubaaqudgha
   894 | D:1      | Reached ** piety under Kikubaaqudgha
  1067 | D:2      | Reached XP level 4. HP: 36/36 MP: 4/4
  1142 | D:2      | Reached *** piety under Kikubaaqudgha
  1142 | D:2      | Received a gift from Kikubaaqudgha
  1599 | D:2      | Found Kaogi's General Store.
  1622 | D:2      | Bought a scroll of identify for 22 gold pieces
  1622 | D:2      | Bought a scroll of identify for 22 gold pieces
  1790 | D:3      | Found Lechamne's Weapon Shoppe.
  2003 | D:3      | Found a large runed translucent door.
  2004 | D:3      | Found a large runed translucent door.
  2152 | D:3      | Reached XP level 5. HP: 42/42 MP: 5/5
  2310 | D:3      | Noticed Terence
  2321 | D:3      | Killed Terence
  2322 | D:3      | Reached skill level 5 in Long Blades
  3267 | D:4      | Reached **** piety under Kikubaaqudgha
  3346 | D:4      | Reached XP level 6. HP: 46/49 MP: 6/6
  3733 | D:4      | Identified the +1 ring mail "Dumusaot" {*Corrode Regen+
                  | Dex+2}
  4211 | D:5      | Entered Level 5 of the Dungeon
  4293 | D:5      | Killed from afar by an orc priest

Illustrated notes

Levels and vault maps discovered:
D:1:      amcnicky_arrival_choice, layout_loops_ring,
          shapermc_ecumenical_altar_gd
D:2:      layout_basic, serial_shops, nicolae_shop_statue_plus
D:3:      minmay_general_purpose_star, layout_loops_ring, jmf_multi_god_temple2,
          serial_shops, shop_fountains, uniq_terence
D:4:      layout_layer_cave
D:5:      layout_gridville, grunt_temple_overflow_cloverleaf, enter_ossuary_5,
          uniq_eustachio

Skill      XL: |  1  2  3  4  5 |
---------------+----------------+-----
Long Blades    | 4 5 |  5.8
Fighting       | 4 |  4.6
Dodging        | |  3.0
Stealth        | |  2.0

Action                   |  1- 3 |  4- 6 || total
-------------------------+-------+-------++-------
Melee: Falchion          |     9 |       ||     9
       Long sword        |    51 |   127 ||   178
       Punch             |       |     1 ||     1
  Use: Scroll            |       |     5 ||     5
       Potion            |       |     1 ||     1
 Stab: Sleeping          |     3 |     1 ||     4
Armor: Robe              |     6 |       ||     6
       Ring mail         |    12 |    41 ||    53
Dodge: Dodged            |    25 |    54 ||    79
Block: Other             |     8 |    22 ||    30
